 Dungeon Crawl Stone Soup version 0.28.0-47-ge53b351184 (webtiles) character file.

Game seed: 17316633926636082876

69 hwolsky the Firebug (level 4, 0/19 (33) HPs)
             Began as a Draconian Fire Elementalist on Apr 27, 2022.
             Was a Follower of the Shining One.
             Slain by Terence
             ... wielding a +1 falchion of draining
              (1 damage)
             ... on level 2 of the Dungeon.
             The game lasted 00:31:13 (1786 turns).

hwolsky the Firebug (Draconian Fire Elementalist)   Turns: 1786, Time: 00:31:14

HP:   0/19 (33)     AC:  5    Str: 10 (12) XL:     4   Next: 2%
MP:   8/8           EV: 12    Int: 16      God:    the Shining One [*.....]
Gold: 97            SH:  0    Dex:  9 (11) Spells: 7/8 levels left

rFire   . . .      SeeInvis .   m - +0 short sword
rCold   . . .      Faith    .   (no shield)
rNeg    . . .      Spirit   .   (armour unavailable)
rPois   .          Reflect  .   (helmet restricted)
rElec   .          Harm     .   (no cloak)
rCorr   .          Rampage  .   (no gloves)
Will    .....                   (no boots)
Stlth   +.........              (no amulet)
HPRegen 0.06/turn               (no ring)
MPRegen 0.11/turn               (no ring)

@: about to teleport, glowing, very heavily drained
A: AC +5, unfitting armour, cold-blooded
a: Renounce Religion, Divine Shield


You were on level 2 of the Dungeon.
You worshipped the Shining One.
The Shining One was aware of your devotion.
You visited 1 branch of the dungeon, and saw 2 of its levels.

You collected 97 gold pieces.

Inventory:

Hand Weapons
 b - a +0 short sword
 d - a +0 whip
 e - a +0 club
 f - a +0 dagger
 h - a +0 dagger
 k - a +0 dagger
 l - a +0 dagger
 m - a +0 short sword (weapon)
 p - a +0 whip
 q - a +0 short sword
Missiles
 c - 14 stones (quivered)
 g - 68 arrows
Armour
 a - a +0 ring mail
 j - a +0 robe
 r - a +0 scale mail
Potions
 i - a potion of attraction


   Skills:
 + Level 0.5 Short Blades
 + Level 0.2 Maces & Flails
 + Level 2.1 Dodging
 + Level 2.0 Stealth
 + Level 2.7 Spellcasting
 + Level 1.3 Conjurations
 + Level 3.8 Fire Magic


You had 7 spell levels left.
You knew the following spells:

 Your Spells              Type           Power      Damage    Failure   Level
a - Foxfire               Conj/Fire      40%        2x1d6     7%          1

Your spell library contained the following spells:

 Spells                   Type           Power      Damage    Failure   Level
 Scorch                   Fire           28%        2d6       6%          2
 Conjure Flame            Conj/Fire      10%        6-21      21%         3
 Inner Flame              Hex/Fire       8%         N/A       26%         3
 Flame Wave               Conj/Fire      10%        2d5       54%         4


Dungeon Overview and Level Annotations

Branches:
Dungeon (2/15)

Altars:
The Shining One

Shops:
D:1 [

Annotations:
D:2 Natasha, Terence


Innate Abilities, Weirdness & Mutations

Your plain brown scales are hard. (AC +5)
You cannot fit into any form of body armour.
You are cold-blooded and may be slowed by cold attacks.


Message History

Confirm with . or Enter, or press ? or * to list all spells.
You conjure some foxfire!
Terence closely misses you.
The foxfire hits Terence but does no damage.
Terence is moderately wounded.
The foxfire hits Terence but does no damage.
Terence is moderately wounded.
Casting: Foxfire (safe; 7% risk of failure)
Confirm with . or Enter, or press ? or * to list all spells.
You conjure some foxfire!
Terence hits you with a +1 falchion of draining.
* * * LOW HITPOINT WARNING * * *
You feel drained.
The foxfire hits Terence but does no damage.
Terence is moderately wounded.
The foxfire hits Terence.
Terence completely resists.
Terence is moderately wounded.
Terence hits you but does no damage.
You feel drained.
Natasha, Servant of Life and Death comes into view.
She is carrying a wand of digging (3).
Found 21 stones.
Natasha hisses angrily.
You hear a zap.
Some rock shatters into small pieces.
You hear a zap.
You hear a grinding noise.
You hear a zap.
You hear a grinding noise.
Terence screams, "I want your blood!"
Found a spear.
Found a stone staircase leading down.
You see here an amethyst potion.
As you read the scroll labelled TUELUI RUFECK, it crumbles to dust.
You feel strangely unstable.
It was a scroll of teleportation.
Terence closely misses you.
i - an amethyst potion Terence closely misses you.
Natasha casts a spell.
As you read the scroll labelled WAISAPS TYOD, it crumbles to dust.
It is a scroll of identify.
i - a potion of attraction Terence hits you with a +1 falchion of draining.
* * * LOW HITPOINT WARNING * * *
You feel drained.
You die...

P.P..#.#..###..# ####h##
...P#.#.#.###...# ...#
#######.######..######.#...
# #..##.# #.............
#.###.# #h#####.######
...#.# #.# .## # #.#.###.#
.# # ##....##.# .# #
#$..@@.#.### #
..>.......h.# ###
####......### ##.##
##....## #.... #.#.## ##...
#.#.# ####..# ).#.# #.....#
####.# #####.###.#
#....#.....


You could see Terence and Natasha.

Vanquished Creatures
  An adder (D:2)
  A gnoll (D:1)
  3 dart slugs
  4 ball pythons
  A bat (D:1)
  4 endoplasms
  A giant cockroach (D:1)
  4 goblins
  6 hobgoblins (D:1)
  4 kobolds
  3 quokkas (D:1)
  4 frilled lizards
  4 rats (D:1)
40 creatures vanquished.

Vanquished Creatures (others)
  49 foxfires
49 creatures vanquished.

Grand Total: 89 creatures vanquished

Notes
Turn   | Place    | Note
-------+----------+-------------------------------------------
     0 | D:1      | hwolsky the Draconian Fire Elementalist began the quest for
                  | the Orb.
     0 | D:1      | Reached XP level 1. HP: 14/14 MP: 3/3
   141 | D:1      | Reached XP level 2. HP: 19/20 MP: 0/5
   312 | D:1      | Reached XP level 3. HP: 26/26 MP: 2/6
   412 | D:1      | Found a faded altar of an unknown god.
   422 | D:1      | Prayed at the altar of an unknown god.
   422 | D:1      | Became a worshipper of the Shining One
   422 | D:1      | Reached * piety under the Shining One
   622 | D:1      | Found Kipp's Armour Emporium.
  1690 | D:2      | Reached XP level 4. HP: 33/33 MP: 4/8
  1700 | D:2      | Noticed Terence
  1762 | D:2      | Noticed Natasha
  1786 | D:2      | HP: 1/21 [Terence/+1 falchion of draining (6)]
  1786 | D:2      | Slain by Terence

Illustrated notes

Levels and vault maps discovered:
D:1:      ebering_trefoil_3fold, layout_loops_corners,
          shapermc_ecumenical_altar_pompeii, serial_shops,
          nicolae_shop_behind_doors
D:2:      layout_loops_ring, serial_aquarium, aquarium_bridge_long_separate
          [aquarium_subvault_window, aquarium_subvault_bridge,
          aquarium_subvault_window, aquarium_subvault_bridge,
          aquarium_subvault_bridge, aquarium_subvault_bridge],
          aquarium_window_fake, aquarium_window_1, aquarium_view_2d,
          aquarium_view_2f, aquarium_balcony_5b, minmay_split_cup_small,
          uniq_natasha, uniq_terence

Skill      XL: |  1  2  3 |
---------------+----------+-----
Dodging        | 2 |  2.1
Stealth        | 2 |  2.0
Short Blades   | |  0.5
Maces & Flails | |  0.2
Spellcasting   | |  2.7
Conjurations   | |  1.3
Fire Magic     | |  3.8

Action                   |  1- 3 |  4- 6 || total
-------------------------+-------+-------++-------
Melee: Whip              |    26 |       ||    26
       Short sword       |    25 |    12 ||    37
       Tailslap          |     9 |     2 ||    11
       Dagger            |    25 |       ||    25
       Punch             |     1 |       ||     1
Throw: Stone             |    12 |       ||    12
 Cast: Foxfire           |    24 |     9 ||    33
  Use: Potion            |     5 |     1 ||     6
       Scroll            |     2 |     2 ||     4
Armor: Skin              |    23 |     4 ||    27
Dodge: Dodged            |    60 |    16 ||    76
